 Dungeon Crawl Stone Soup version 0.17.2-1-ge4368a0 (webtiles) character file.

676 Charly the Insei (level 7, -8/73 HPs)
             Began as a Merfolk Transmuter on Aug 31, 2016.
             Mangled by an ice beast (12 damage)
             ... on level 6 of the Dungeon.
             The game lasted 00:39:01 (2216 turns).

Charly the Insei (Merfolk Transmuter)               Turns: 2216, Time: 00:39:01

Health: -8/73      AC: 23    Str: 11    XL:     7   Next: 60%
Magic:  8/10       EV:  2    Int: 14    God:
Gold:   138        SH:  0    Dex: 14    Spells: 2 memorised, 5 levels left

rFire  . . .     SeeInvis +       - Unarmed
rCold  . . .     Clarity  .     (armour currently unavailable)
rNeg   + + +     SustAt   .     (no shield)
rPois  +         Gourm    .     (helmet currently unavailable)
rElec  .         Spirit   .     (cloak currently unavailable)
rCorr  .         Warding  .     (gloves currently unavailable)
rMut   .         NoTele   +     (boots currently unavailable)
MR     .....                    (no amulet)
Stlth  +.........               (no ring)
                                n - ring of see invisible

@: tree-form, contaminated, hasted, glowing, very quick, not resistant to
hostile enchantments, very unstealthy
A: (change form in water), (swift swim)
a: no special abilities


You were on level 6 of the Dungeon.
You were not hungry.
You were a tree.
You visited 2 branches of the dungeon, and saw 8 of its levels.

You collected 138 gold pieces.

Inventory:

Hand Weapons
 i - the +3 mace "Zymon" {drain, *Contam +Blink rElec}
   (You found it on level 4 of the Dungeon)

   A truly terrible weapon, it drains the life of those it strikes.
   It insulates you from electricity.
   It lets you blink.
   It causes magical contamination when unequipped.
Missiles
 a - 13 arrows
Armour
 b - a +0 robe (melded)
 k - the +4 shield of Ipieloph {rCorr}
   (You found it on level 5 of the Dungeon)

   It protects you from acid and corrosion.
 o - a +0 hat
Jewellery
 n - a ring of see invisible (left branch)
Wands
 j - a wand of paralysis (0)
Scrolls
 h - a scroll of teleportation
Potions
 g - 2 potions of might
Books
 c - a book of Changes

   Spells                             Type                      Level
   a - Beastly Appendage              Transmutation                1
   b - Sticks to Snakes               Transmutation                2
   c - Spider Form                    Transmutation/Poison         3
   d - Ice Form                       Ice/Transmutation            4
   e - Blade Hands                    Transmutation                5
 f - a book of Transfigurations

   Spells                             Type                      Level
   a - Stoneskin                      Transmutation/Earth          2
   b - Irradiate                      Conjuration/Transmutation    5
   c - Statue Form                    Transmutation/Earth          6
   d - Hydra Form                     Transmutation                6
   e - Dragon Form                    Transmutation                7
Comestibles
 d - 2 bread rations
 l - 2 meat rations


   Skills:
 + Level 1.9 Fighting
 + Level 5.2 Dodging
 + Level 7.5 Unarmed Combat
 - Level 2.0 Spellcasting
 - Level 4.2 Transmutations
 - Level 2.3 Poison Magic


You had 5 spell levels left.
You knew the following spells:

 Your Spells              Type           Power        Failure   Level  Hunger
s - Sticks to Snakes      Trmt           ##........   10%         2    ###....
S - Spider Form           Trmt/Pois      ##........   21%         3    ####...


Dungeon Overview and Level Annotations

Branches:
Dungeon (7/15)             Temple (1/1) D:5

Altars:
Ashenzari
Dithmenos
Elyvilon
Fedhas
Gozag
Kikubaaqudgha
Makhleb
Nemelex Xobeh
Qazlal
Vehumet
Xom
The Shining One

Shops:
D:4 [

Annotations:
D:3 exclusion: upstairs


Message History

Mutagenic energies flood into your body!
You are contaminated with residual magic.
You are now empty-handed.
Unknown command.
You hit the ice beast. Your punch misses the ice beast.
The ice beast is moderately wounded.
You closely miss the ice beast.
The ice beast is moderately wounded.
The ice beast hits you but does no damage.
The quokka zombie bites you.
* * * LOW HITPOINT WARNING * * *
The worker ant bites you but does no damage.
Unknown command.
You hit the ice beast.
The ice beast is moderately wounded.
The quokka zombie bites you but does no damage.
The ice beast hits you.
* * * LOW HITPOINT WARNING * * *
The ice beast freezes you!
You die...

#.###.....#
##...#.....#.#
.#.#.#.......#
.#.#.#.....#
...#..#########
#..#..#.......#########
#..#..#.# #...........#
..>.....###......Z....##
#####.#...'....a♣Y.....##
......#.###.............#
#######.# #############.#
#....# #.# #.#### #.#
.....# #Z# ###### #.# #.#
#.#


You could see an ice beast, a worker ant and a quokka zombie.

Vanquished Creatures
  The ghost of Charly the Insei, an amateur MfTm (D:4)
  A centaur zombie (D:5)
  4 hounds
  2 giant frog skeletons
  3 worker ants (D:4)
  4 orc wizards
  A hound zombie (D:3)
  An adder (D:3)
  2 gnolls (D:5)
  3 worms
  A giant gecko (D:4)
  18 orcs
  A ball python (D:5)
  11 hobgoblins
  16 kobolds
  3 quokkas
  6 bats
  6 giant cockroaches
  A giant newt (D:3)
  10 goblins
  4 rats
99 creatures vanquished.

Vanquished Creatures (collateral kills)
  2 worker ants (D:5)
  2 adders
  2 orcs (D:3)
  A goblin (D:3)
  2 kobolds
9 creatures vanquished.

Vanquished Creatures (others)
  7 fungi (D:6)
7 creatures vanquished.

Grand Total: 115 creatures vanquished

Notes
Turn   | Place    | Note
--------------------------------------------------------------
     0 | D:1      | Charly the Merfolk Transmuter began the quest for the Orb.
     0 | D:1      | Reached XP level 1. HP: 15/15 MP: 3/3
   149 | D:1      | Reached XP level 2. HP: 11/21 MP: 3/5
   153 | D:1      | Learned a level 2 spell: Sticks to Snakes
   220 | D:3      | Reached skill level 4 in Unarmed Combat
   304 | D:1      | Found a shattered altar of Ashenzari.
   360 | D:3      | Reached XP level 3. HP: 6/26 MP: 1/6
   384 | D:3      | Learned a level 3 spell: Spider Form
   392 | D:3      | Found a faded altar to an unknown god.
   448 | D:3      | Reached skill level 1 in Poison Magic
   450 | D:3      | Charly: @?rat
   450 | D:3      | beem: rat (r)
                  | Spd:
    10 | HD: 1    | HP: 2-3
                  | AC/EV: 1/10
                  | Dam:
3 | XP:
     1 | Sz: tiny | Int: animal.
   498 | D:3      | Found a radiant altar of Vehumet.
   522 | D:4      | Found a blossoming altar of Fedhas.
   537 | D:4      | Reached XP level 4. HP: 8/32 MP: 7/7
   631 | D:3      | Found a sparkling altar of Nemelex Xobeh.
   649 | D:3      | Reached XP level 5. HP: 9/37 MP: 5/8
   665 | D:3      | Reached skill level 5 in Unarmed Combat
   699 | D:3      | Found a glowing golden altar of the Shining One.
  1142 | D:4      | Reached skill level 6 in Unarmed Combat
  1142 | D:4      | Reached XP level 6. HP: 25/43 MP: 6/9
  1246 | D:4      | Noticed Charly's ghost (amateur MfTm)
  1274 | D:4      | Killed Charly's ghost
  1324 | D:4      | Got a smoking mace
  1325 | D:4      | Identified the cursed +3 mace "Zymon" {drain, *Contam +Blink rElec} (You found it on level 4 of the Dungeon)
  1433 | D:4      | Found Kogaaf's Antique Armour Boutique.
  1461 | D:5      | Entered Level 5 of the Dungeon
  1491 | D:5      | Reached skill level 7 in Unarmed Combat
  1491 | D:5      | Reached XP level 7. HP: 15/48 MP: 5/10
  1517 | D:5      | Got a jewelled shield
  1518 | D:5      | Identified the +4 shield of Ipieloph {rCorr} (You found it on level 5 of the Dungeon)
  1536 | D:4      | Found a shadowy altar of Dithmenos.
  1621 | D:5      | Found a staircase to the Ecumenical Temple.
  1627 | Temple   | Entered the Ecumenical Temple
  1977 | D:5      | Found a stormy altar of Qazlal.
  2079 | D:5      | Reached skill level 5 in Dodging
  2197 | D:6      | Charly: @?ice beast
  2197 | D:6      | beem: ice beast (Y)
                  | Spd:
    10 | HD: 5    | HP: 22-32
                  | AC/EV: 5/10
                  | Dam: 5(cold:5-14)
                  | amphibious
                  | Res: magic(20), cold+++, poison, drown
                  | Vul: fire
                  | XP:
   130 | Sz: Large | Int: animal.
  2216 | D:6      | Mangled by an ice beast

Action                   |  1- 3 |  4- 6 |  7- 9 || total
-------------------------+-------+-------+-------++-------
Melee: Unarmed           |    67 |   105 |    71 ||   243
       Mace              |       |       |    25 ||    25
 Cast: Beastly Appendage |     2 |       |       ||     2
       Sticks to Snakes  |     7 |     6 |     4 ||    17
       Spider Form       |     3 |    11 |    13 ||    27
 Abil: End Transformatio |     1 |     1 |       ||     2
Evoke: Wand              |     4 |    12 |       ||    16
  Use: Scroll            |     1 |     5 |     4 ||    10
       Potion            |       |     2 |     2 ||     4
 Stab: Sleeping          |     1 |       |     1 ||     2
       Paralysed         |     6 |    25 |       ||    31
       Distracted        |       |     1 |       ||     1
  Eat: Beef jerky        |     1 |       |     1 ||     2
       Bread ration      |       |     1 |       ||     1
       Chunk             |       |       |     2 ||     2
       Royal jelly       |       |       |     1 ||     1
